 Dungeon Crawl Stone Soup version 0.28.0 (webtiles) character file.

Game seed: 6554134990842004345

3675 Gabide the Thaumaturge (level 9, 0/66 HPs)
             Began as a Mummy Necromancer on Feb 15, 2022.
             Slain by an orc wizard (4 damage)
             ... on level 6 of the Dungeon.
             The game lasted 00:21:59 (10901 turns).

Gabide the Thaumaturge (Mummy Necromancer)         Turns: 10901, Time: 00:21:59

Health: 0/66       AC:  3    Str: 11    XL:     9   Next: 89%
Magic:  24/24      EV: 13    Int: 19    God:
Gold:   340        SH:  0    Dex: 12    Spells: 13/30 levels left

rFire   x . .      SeeInvis .   c - +1 dagger (elec)
rCold   + . .      Faith    .   (no shield)
rNeg    + + +      Spirit   .   a - +0 robe
rPois   ∞          Reflect  .   (no helmet)
rElec   .          Harm     .   (no cloak)
rCorr   .          Rampage  .   b - +0 pair of gloves
Will    +....                   (no boots)
Stlth   ++........              (no amulet)
HPRegen 0.21/turn               (no ring)
MPRegen 0.19/turn               (no ring)

@: about to teleport
A: cold resistance 1, negative energy resistance 3, torment resistance 2, heat
vulnerability 1, no potions
a: no special abilities


You were on level 6 of the Dungeon.
You visited 1 branch of the dungeon, and saw 7 of its levels.

You collected 340 gold pieces.

Inventory:

Hand Weapons
 c - a +1 dagger of electrocution (weapon)
 m - a +1 antimagic dagger
Armour
 a - a +0 robe (worn)
 b - a +0 pair of gloves (worn)
Magical Staves
 g - a staff of conjuration
 k - a staff of death
Jewellery
 f - a ring of ice
 h - an amulet of the acrobat
Wands
 i - a wand of iceblast (6)
 o - a wand of charming (7)
Scrolls
 d - 2 scrolls of immolation
 e - 3 scrolls of teleportation
 j - 2 scrolls of vulnerability
 l - a scroll of noise {unknown}
 n - a scroll of amnesia {unknown}
 p - 4 scrolls of identify
 q - a scroll of fear {unknown}


   Skills:
 * Level 4.7 Fighting
 * Level 4.0 Dodging
 + Level 2.2 Stealth
 * Level 11.1 Spellcasting
 * Level 9.5 Necromancy


You had 13 spell levels left.
You knew the following spells:

 Your Spells              Type           Power      Damage    Failure   Level
a - Pain                  Necr           100%       1d9       1%          1
b - Vampiric Draining     Necr           46%        2d9       1%          3
c - Animate Dead          Necr           23%        N/A       1%          4
d - Agony                 Necr           46%        N/A       3%          5
e - Anguish               Hex/Necr       14%        N/A       10%         4

Your spell library contained the following spells:

 Spells                   Type           Power      Damage    Failure   Level
 Animate Skeleton         Necr           92%        N/A       1%          1
 Ensorcelled Hibernation  Hex/Ice        20%        N/A       10%         2
 Gell's Gravitas          Tloc           10%        N/A       21%         3
 Lesser Beckoning         Tloc           10%        N/A       21%         3
 Teleport Other           Tloc           10%        N/A       21%         3
 Spider Form              Tmut/Pois      Unusable   N/A       N/A         3

Dungeon Overview and Level Annotations

Branches:
Dungeon (7/15)             Temple (0/1) D:5

Altars:
Nemelex Xobeh
The Shining One

Annotations:
D:7 Joseph


Innate Abilities, Weirdness & Mutations

You are immune to poison.
Your flesh is cold resistant. (rC+)
You are immune to negative energy. (rN+++)
You are immune to unholy pain and torment.
You are vulnerable to heat. (rF-)
You do not drink.


Message History

HP restored.
You climb downwards.
Level annotation: Joseph The orc wizard gestures wildly while chanting.
The orc wizard flickers and vanishes!
Deactivating autopickup; reactivate with Ctrl-A.
The orc hits you with a +0 whip.
There is a stone staircase leading up here.
The orc hits you but does no damage.
Joseph shoots a sling bullet.
The sling bullet misses you.
You climb upwards.
Reactivating autopickup.
There is a stone staircase leading down here.
Casting: Anguish (dangerous; 10% risk of failure)
Confirm with . or Enter, or press ? or * to list all spells.
Aiming: Vampiric Draining (safe; 1% risk of failure)
Press: ? - help, Shift-Dir - straight line, f - orc
Aim: an orc, wielding a +0 whip and wearing a +0 scale mail You draw life force from the orc.
You kill the orc!
You start resting.
Magic restored.
You start waiting.
Done waiting.
You climb downwards.
Level annotation: Joseph The wight hits you with a +3 great sword!
Joseph shoots a sling bullet.
The sling bullet hits you!!
There is a stone staircase leading up here.
The wight hits you with a +3 great sword!
Joseph shoots a sling bullet.
The sling bullet hits you!
* * * LOW HITPOINT WARNING * * *
The orc wizard hits you with a +0 dagger.
* * * LOW HITPOINT WARNING * * *
You climb upwards.
There is a stone staircase leading down here.
As you read the scroll of teleportation, it crumbles to dust.
You feel strangely unstable. The wight barely misses you.
The orc wizard hits you with a +0 dagger.
You die...

####.## ##..## #.### #..####
#
##.####..#######...#####..##
# #
##......#.............#...###
##
#...........................
.##
##..........................
..##
###........................
...#
##.....[................#
#..# #.....................##
##.# #.....[@o..........#..#
#.# #.......z........###.##
#.# #..............####.##
#.# #.............####.## #.#
##.##...<.....####.## #.#
#.#####....##.###.## ### ###
########..### ####


You could see a wight and an orc wizard.

Vanquished Creatures
  Pikel (D:6)
  6 yaks
  Menkaure (D:5)
  An orc warrior (D:4)
  3 ice beasts
  2 black bears
  A necrophage (D:6)
  2 ogres (D:5)
  5 scorpions
  A water moccasin skeleton (D:5)
  A wight (D:6)
  A howler monkey (D:4)
  4 jellies
  A bullfrog zombie (D:6)
  4 orc priests
  A hound (D:5)
  2 bullfrog skeletons (D:5)
  A centaur skeleton (D:4)
  3 iguanas
  2 orc wizards
  2 hound skeletons (D:5)
  2 howler monkey skeletons (D:6)
  5 gnolls
  3 adders
  3 white imps
  An adder skeleton (D:4)
  2 dart slugs (D:1)
  22 orcs
  7 ball pythons
  9 endoplasms
  2 giant cockroaches
  11 goblins
  5 hobgoblins
  4 jackals (D:2)
  7 kobolds
  2 quokkas
  3 bats
  2 frilled lizards (D:2)
  5 rats
140 creatures vanquished.

Vanquished Creatures (collateral kills)
  An orc wizard (D:6)
1 creature vanquished.

Vanquished Creatures (others)
  Edmund (D:6)
  An orc warrior (D:6)
  3 plants
5 creatures vanquished.

Grand Total: 146 creatures vanquished

Notes
Turn   | Place    | Note
-------+----------+-------------------------------------------
     0 | D:1      | Gabide the Mummy Necromancer began the quest for the Orb.
     0 | D:1      | Reached XP level 1. HP: 13/13 MP: 4/4
    22 | D:1      | Found a faded altar of an unknown god.
   324 | D:1      | Reached XP level 2. HP: 19/19 MP: 3/5
   779 | D:1      | Reached skill level 3 in Spellcasting
  1066 | D:1      | Reached XP level 3. HP: 24/24 MP: 3/7
  1077 | D:1      | Learned a level 3 spell: Vampiric Draining
  1343 | D:2      | Noticed a black bear
  1761 | D:2      | Killed a black bear
  1762 | D:2      | Reached skill level 1 in Fighting
  1762 | D:2      | Reached skill level 4 in Spellcasting
  1762 | D:2      | Reached skill level 5 in Necromancy
  1762 | D:2      | Reached XP level 4. HP: 20/32 MP: 0/10
  2236 | D:2      | Reached XP level 5. HP: 37/37 MP: 9/11
  4226 | D:4      | Reached skill level 5 in Spellcasting
  4226 | D:4      | Reached XP level 6. HP: 43/43 MP: 6/13
  4231 | D:4      | Learned a level 4 spell: Animate Dead
  4237 | D:4      | Learned a level 5 spell: Agony
  4417 | D:4      | Noticed an orc warrior
  4962 | D:4      | Killed an orc warrior
  4963 | D:4      | Reached skill level 6 in Spellcasting
  4963 | D:4      | Reached XP level 7. HP: 17/50 MP: 1/16
  5920 | D:4      | Identified a scroll of acquirement
  5966 | D:4      | Acquired a staff of death
  5985 | D:5      | Entered Level 5 of the Dungeon
  6163 | D:5      | Reached skill level 7 in Spellcasting
  6413 | D:5      | Reached XP level 8. HP: 45/58 MP: 5/19
  6500 | D:5      | Found a staircase to the Ecumenical Temple.
  6963 | D:5      | Reached skill level 8 in Spellcasting
  7206 | D:4      | Reached skill level 9 in Spellcasting
  7206 | D:4      | Reached XP level 9. HP: 37/65 MP: 6/22
  7913 | D:5      | Learned a level 4 spell: Anguish
  8029 | D:6      | Noticed Menkaure
  8054 | D:5      | Killed Menkaure
  8807 | D:6      | Noticed Edmund
  8817 | D:6      | Killed Edmund
  9099 | D:6      | Noticed Pikel
  9106 | D:6      | Killed Pikel
  9107 | D:6      | Reached skill level 10 in Spellcasting
  9535 | D:6      | Found a sparkling altar of Nemelex Xobeh.
 10249 | D:7      | Noticed Joseph
 10483 | D:6      | Reached skill level 11 in Spellcasting
 10901 | D:6      | Slain by an orc wizard

Illustrated notes

Levels and vault maps discovered:
D:1:      nzn_arrival_settlement, layout_basic, basic_ecumenical_altar,
          minivault_14, serial_bayou_pond_c, minivault_27,
          hangedman_feature_mirror
D:2:      layout_loops_corners, basic_altar, serial_bayou_ford_a
D:3:      layout_loops_cross
D:4:      minmay_spotlight, layout_loops_ring, serial_bayou_pond_e
D:5:      layout_basic, minmay_temple_entry_statues_pillars, enter_ossuary_2
D:6:      layout_layer_cave, nemelex_diamond_rough_becter,
          minmay_tree_intersection, uniq_menkaure, uniq_pikel, uniq_edmund
D:7:      layout_loops_ring, uniq_harold, uniq_duvessa, uniq_joseph

Skill      XL: |  1  2  3  4  5  6  7  8  9 |
---------------+----------------------------+-----
Spellcasting   | 3 4 5 6 7 9 11 | 11.1
Fighting       | 1 2 3 4 |  4.7
Dodging        | 2 3 4 |  4.0
Necromancy     | 5 6 7 8 9 |  9.5
Stealth        | 2 |  2.2

Action                   |  1- 3 |  4- 6 |  7- 9 || total
-------------------------+-------+-------+-------++-------
Melee: Dagger            |     1 |    30 |    53 ||    84
       Staff             |       |       |    39 ||    39
       Punch             |       |       |     1 ||     1
 Cast: Pain              |    58 |   123 |   136 ||   317
       Vampiric Draining |       |     4 |    30 ||    34
       Agony             |       |       |     6 ||     6
       Animate Dead      |       |       |     3 ||     3
       Anguish           |       |       |     9 ||     9
Evoke: Wand              |       |       |     4 ||     4
  Use: Scroll            |       |       |     7 ||     7
Armor: Robe              |     4 |    17 |    33 ||    54
Dodge: Dodged            |     6 |    47 |   130 ||   183
